 Dungeon Crawl Stone Soup version 0.28-a0-479-g5baa6b73be (webtiles) character file.

Game seed: 11300798210398960483

418134 robertstho the Slayer (level 22, -10/206 (220) HPs)
             Began as a Pale Draconian Berserker on Sept 17, 2021.
             Was a High Priest of Trog.
             Killed from afar by an ancient lich (46 damage)
             ... with a crystal spear
             ... while petrified by an ancient lich
             ... on level 5 of the Vaults.
             The game lasted 01:42:20 (62614 turns).

robertstho the Slayer (Pale Draconian Berserker)   Turns: 62614, Time: 01:42:20

HP:   -10/206 (220) AC: 16    Str: 28    XL:     22   Next: 60%
MP:   0/22          EV:  2    Int: 16    God:    Trog [*****.]
Gold: 3908          SH:  0    Dex: 18    Spells: 21/21 levels left

rFire   + + +      SeeInvis +   F - +7 demon trident of Compassion {freeze, Dex+3}
rCold   + + +      Faith    .   V - +2 buckler {reflect}
rNeg    + + +      Spirit   +   (armour unavailable)
rPois   ∞          Reflect  +   L - -2 hat of the Alchemist {rElec rPois rF+ rC+ rN+ Will+ rMut rCorr}
rElec   +          Harm     .   p - scarf {rC+ rF+}
rCorr   +          Rampage  .   P - +2 pair of gloves "Zinolema" {rF+ Int+3 Dex+4}
rMut    +                       T - +3 pair of boots of the Guild-Master {+Inv Int+6 Dex-2 SInv}
Will    ++...                   I - amulet of guardian spirit
Stlth   +++++.....              s - ring of protection from cold
HPRegen 0.44/turn               X - +4 ring of protection
MPRegen 0.18/turn

@: petrified, corroded, on berserk cooldown, very slightly contaminated, slowed,
drained, invisible
A: breathe steam, AC +11, unfitting armour, cold-blooded, steam resistance
}: 2/15 runes: decaying, gossamer
a: Breathe Steam, Renounce Religion, Evoke Invisibility, Berserk, Trog's Hand,
Brothers in Arms


You were on level 5 of the Vaults.
You worshipped Trog.
Trog was extremely pleased with you.
You visited 7 branches of the dungeon, and saw 39 of its levels.
You also visited: Gauntlet and Ice Cave.

You collected 4282 gold pieces.
You spent 374 gold pieces at shops.

Inventory:

Hand Weapons
 e - the +8 spear of Beyond {holy, rF+}
   (You found it on level 3 of the Elven Halls)

   It has been blessed by the Shining One to cause great damage to the undead
   and demons.
   rF:        It protects you from fire.
 F - the +7 demon trident of Compassion (weapon) {freeze, Dex+3}
   (You acquired it on level 12 of the Dungeon)

   It freezes those it strikes, dealing additional cold damage.
   It can also slow down cold-blooded creatures.
   Dex:       It affects your dexterity (+3).
 R - a +0 demon trident of venom
Armour
 p - a scarf of resistance (worn)
 L - the -2 hat of the Alchemist (worn) {rElec rPois rF+ rC+ rN+ Will+ rMut rCorr}
   (You acquired it on level 12 of the Dungeon)

   rF:        It protects you from fire.
   rC:        It protects you from cold.
   rElec:     It insulates you from electricity.
   rPois:     It protects you from poison.
   rN:        It protects you from negative energy.
   rCorr:     It protects you from acid and corrosion.
   rMut:      It protects you from mutation.
   Will:      It increases your willpower.
 P - the +2 pair of gloves "Zinolema" (worn) {rF+ Int+3 Dex+4}
   (You found it on level 3 of the Lair of Beasts)

   Int:       It affects your intelligence (+3).
   Dex:       It affects your dexterity (+4).
   rF:        It protects you from fire.
 T - the +3 pair of boots of the Guild-Master (worn) {+Inv Int+6 Dex-2 SInv}
   (You found it on level 3 of the Spider Nest)

   Int:       It affects your intelligence (+6).
   Dex:       It affects your dexterity (-2).
   SInv:      It lets you see invisible.
   +Inv:      It lets you turn invisible.
 V - a +2 buckler of reflection (worn)
Jewellery
 j - a ring of protection from fire
 s - a ring of protection from cold (left hand)
 x - a +4 ring of slaying
 z - the ring of Tutim {rC+ Dex+2}
   (You found it on level 3 of the Swamp)

   [ring of protection from cold]

   Dex:       It affects your dexterity (+2).
   rC:        It protects you from cold.
 C - an amulet of reflection
 I - an amulet of guardian spirit (around neck)
 J - the ring of the Albatross {rN+ Will+ Str+2 Int+2 Dex+6}
   (You found it in a Gauntlet)

   [ring of dexterity]

   Str:       It affects your strength (+2).
   Int:       It affects your intelligence (+2).
   Dex:       It affects your dexterity (+6).
   rN:        It protects you from negative energy.
   Will:      It increases your willpower.
 N - a ring of poison resistance
 O - a ring of fire
 X - a +4 ring of protection (right hand)
Wands
 k - a wand of acid (10)
 v - a wand of iceblast (34)
 G - a wand of digging (9)
 Q - a wand of mindburst (22)
Scrolls
 f - a scroll of silence
 g - a scroll of blinking
 l - a scroll of holy word
 m - 9 scrolls of magic mapping
 o - 8 scrolls of identify
 q - 7 scrolls of immolation
 t - 7 scrolls of fog
 y - 9 scrolls of teleportation
 D - 2 scrolls of enchant armour
 H - 8 scrolls of enchant weapon
Potions
 a - 3 potions of berserk rage
 b - 5 potions of flight
 c - 7 potions of ambrosia
 d - 4 potions of haste
 h - a potion of magic
 i - 3 potions of heal wounds
 r - a potion of mutation {unknown}
 u - 14 potions of curing
 A - 5 potions of might
 M - 3 potions of cancellation
 Z - 3 potions of resistance
Miscellaneous
 n - a condenser vane
 B - a box of beasts
 S - a tin of tremorstones (2/2)
 Y - a lightning rod (4/4)


   Skills:
 * Level 23.4 Fighting
 + Level 5.6 Long Blades
 + Level 17.7 Polearms
 * Level 20.4 Dodging
 + Level 10.0 Stealth
 + Level 14.6 Shields


You had 21 spell levels left.
You didn't know any spells.
Your spell library was empty.

Dungeon Overview and Level Annotations

Branches:
Dungeon (15/15)            Temple (0/1) D:4            Lair (6/6) D:8
  Swamp (4/4) Lair:4       Spider (4/4) Lair:3        Slime (0/5) Lair:6
    Orc (2/2) D:12            Elf (3/3) Orc:2        Vaults (5/5) D:13
  Crypt (0/3) Vaults:3     Depths (0/5) D:15          IceCv (visited)
Gauntlet (visited)

Altars:
Elyvilon
Fedhas
Hepliaklqana
Kikubaaqudgha
Makhleb
Okawaru
Ru
Sif Muna
Trog
Uskayaw
Vehumet
Xom
Yredelemnul
The Shining One
Jiyva

Shops:
D:8 *   D:15 =   Orc:2 [?(   Vaults:2 [

Portals:
Trove: Elf:3 (show abyssal rune of Zot)

Annotations:
Swamp:1 1 runed translucent door, snetch's ghost, adept MiBe
Spider:2 3 runed translucent doors, Huaklezo's ghost, adept HOFi; siradein's ghost, adept VSFi


Innate Abilities, Weirdness & Mutations

You can breathe blasts of scalding, opaque steam.
Your pale cyan-grey scales are hard. (AC +11)
You cannot fit into any form of body armour.
You are cold-blooded and may be slowed by cold attacks.
You are immune to the effects of steam.


Message History

The Executioner gestures.
The Executioner seems to speed up.
The vault warden hits your phantasmal warrior with a +2 vampiric halberd.
The vault warden activates a sealing rune.
The dread lich gestures wildly while chanting.
The ancient lich gestures at you while chanting.
The bolt of acid hits your cyan very ugly thing!!!
Your cyan very ugly thing dies!
Your cyan very ugly thing's corpse dissolves into shadows!
The bolt of acid hits you! You resist.
* * * LOW HITPOINT WARNING * * *
The ironbound preserver hits you but does no damage.
Your phantasmal warrior hits the ancient lich!!
The Executioner hits you!
* * * LOW HITPOINT WARNING * * *
The Executioner hits you but does no damage.
The Executioner hits you!
* * * LOW HITPOINT WARNING * * *
The vault warden hits your phantasmal warrior with a +2 vampiric halberd!!
The hell beast bites your phantasmal warrior!
Your phantasmal warrior is destroyed!
Your phantasmal warrior dissolves into shadows!
The Executioner hits you!!
* * * LOW HITPOINT WARNING * * *
The Executioner hits you.
* * * LOW HITPOINT WARNING * * *
The Executioner hits you but does no damage.
The Executioner hits you!
* * * LOW HITPOINT WARNING * * *
The Executioner hits you but does no damage.
The Executioner hits you.
The ancient lich touches you but does no damage.
The Executioner hits you but does no damage.
The Executioner hits you.
* * * LOW HITPOINT WARNING * * *
The Executioner hits you but does no damage.
The dread lich touches you but does no damage.
The ancient lich casts a spell at you. The crystal spear hits you!!!!
You die...

..#...$
#..#....#....#.#### ##...
#...##...#....#....#
##..#....###..#[.o.#....#
##......# ##..[...Dp...#
###########.p....o†######
........pDp..<<[pp......
........2poXCp[<).......
.......1LpoOp<<[p.......
.......@L....[..........
##########..)....o######
........[........
......#....#.#.#.
......#....#..... .....
#....#.#.##. .....
#....#...# .... #....#
.... #....#


You could see a shadow dragon (sheltered), a tentacled monstrosity (sheltered),
an ironbound preserver, an ancient lich (fast, invisible), a dread lich (fast),
a stone giant, 4 vault wardens, a hell beast (summoned), a vault guard, an orc
knight (sheltered), an Executioner (summoned, fast), an ogre mage (strong,
invisible), an ironbound convoker, an orc warrior and an orc wizard (sheltered).

Vanquished Creatures
  A dread lich (Vaults:4)
  An ancient lich (Vaults:5)
  the Lernaean hydra (Swamp:4)
  Xtahua (Vaults:4)
  Margery (Vaults:2)
  Frederick (Vaults:2)
  A tentacled monstrosity (Vaults:5)
  5 deep elf blademasters
  2 shadow dragons (Vaults:5)
  Gastronok (D:12)
  A tengu reaver (Vaults:5)
  2 sphinxes (Vaults:5)
  Roxanne (Swamp:2)
  3 fire giants (Vaults:5)
  2 azure jellies (IceCv)
  2 fenstrider witches
  9 vault wardens
  2 frost giants (Vaults:5)
  An iron dragon (Vaults:5)
  6 orc warlords
  3 ghost moths (Spider:4)
  8 deep elf sorcerers
  3 ghouls (Swamp:4)
  4 emperor scorpions (Spider:4)
  Louise (Elf:2)
  2 deep elf elementalists (Elf:3)
  6 very ugly things
  17 ironbound preservers
  A stone giant (Vaults:2)
  A war gargoyle (Vaults:4)
  Azrael (D:12)
  A minotaur (Gauntlet)
  3 deep elf demonologists
  A dire elephant (D:15)
  5 deep elf annihilators (Elf:3)
  3 spark wasps
  6 bunyips
  An entropy weaver (Vaults:1)
  6 deep elf death magi
  9 eleionomae
  Josephine (D:11)
  4 ettins
  2 deep elf high priests
  A shambling mangrove (Swamp:3)
  A crystal guardian (Vaults:4)
  11 yaktaur captains
  2 great orbs of eyes (Vaults:3)
  Harold (D:11)
  Erolcha (D:11)
  25 hydras
  6 boulder beetles
  36 vault guards
  9 ironbound thunderhulks
  A ghost crab (Swamp:3)
  2 peacekeepers
  12 centaur warriors
  Erica (D:11)
  2 ogre magi (Orc:2)
  5 ironbound frosthearts
  2 catoblepae
  10 two-headed ogres
  19 dancing weapons
  4 tengu warriors (D:13)
  3 deep troll earth magi (Vaults:5)
  4 alligators
  A vampire mage (Swamp:1)
  A death yak (Lair:6)
  4 ironbound beastmasters (Vaults:1)
  3 hell knights
  13 deep elf knights
  A shadow wraith (Vaults:5)
  A sixfirhy (Gauntlet)
  An iron troll (Orc:2)
  10 skeletal warriors
  3 goliath frogs
  50 deep trolls
  A glowing orange brain (Vaults:3)
  11 bog bodies
  7 spriggan druids
  8 lindwurms
  9 orc knights
  A shadow demon (Swamp:3)
  8 wizards
  9 deep elf archers
  23 deep elf zephyrmancers
  An orb spider (shapeshifter) (Vaults:5)
  4 orc sorcerers
  6 harpies
  8 swamp dragons
  A harpy (shapeshifter) (D:14)
  17 ironbound convokers
  6 necromancers
  26 deep elf pyromancers
  30 wolf spiders
  A wolf spider (shapeshifter) (Vaults:4)
  22 orb spiders
  A salamander (D:15)
  19 ugly things
  3 will-o-the-wisps
  A moth of wrath (Spider:4)
  4 manticores
  7 cyclopes
  A stone giant skeleton (Vaults:3)
  3 frost giant skeletons (Vaults:3)
  9 elephants
  3 black mambas
  2 torpor snails
  19 vault sentinels
  2 ice statues (IceCv)
  An eye of devastation (Gauntlet)
  A gargoyle (D:11)
  A hellwing (Gauntlet)
  9 komodo dragons
  13 cane toads
  4 rime drakes
  28 yaktaurs
  A kobold demonologist (D:12)
  An efreet (D:14)
  A freezing wraith (Vaults:5)
  A tengu conjurer (D:13)
  2 elf skeletons (Vaults:3)
  An entropy weaver simulacrum (IceCv)
  19 demonic crawlers
  10 trolls
  23 jumping spiders
  A meliai (shapeshifter) (Elf:3)
  A wolf spider simulacrum (D:15)
  11 tyrant leeches
  18 blink frogs
  6 polar bears
  23 hornets
  2 bloated husks (Swamp:3)
  Prince Ribbit (D:6)
  77 slime creatures
  Sigmund (D:5)
  A centaur simulacrum (D:15)
  2 vampires
  19 spriggans
  8 wraiths
  45 redbacks
  43 yaks
  2 wyverns
  22 tarantellas
  A golden eye (Gauntlet)
  Grum (D:11)
  11 fire elementals
  A hog (shapeshifter) (D:11)
  4 basilisks
  11 vampire mosquitoes
  13 swamp worms
  16 water moccasins
  7 wargs
  2 acid dragons
  4 demonic crawler simulacra (IceCv)
  Duvessa (D:6)
  3 hell hounds (D:12)
  A floating eye (Gauntlet)
  3 human skeletons (Vaults:3)
  30 orc warriors
  8 swamp drakes
  An ice beast (D:5)
  A sky beast (D:8)
  30 wolves
  A large abomination (Elf:1)
  2 ugly thing simulacra (IceCv)
  4 black bears (Lair:6)
  13 boggarts
  A necrophage (Swamp:4)
  3 centaurs
  25 ogres
  4 elf zombies (Elf:1)
  7 kobold brigands
  A phantom (D:6)
  12 bullfrogs
  2 gnoll sergeants
  A wyvern zombie (D:8)
  3 glowing shapeshifter simulacra (IceCv)
  2 scorpions
  Dowan (D:6)
  5 killer bees (D:7)
  17 wights
  2 vampire bats (D:6)
  2 electric eels
  A crimson imp (D:3)
  5 howler monkeys
  A bullfrog zombie (D:6)
  5 centaur zombies
  6 hounds
  4 jellies
  Crazy Yiuf (D:5)
  A centaur skeleton (D:5)
  28 orc priests
  A bullfrog skeleton (D:5)
  An iguana (D:4)
  Natasha (twice) (D:2)
  24 orc wizards
  3 howler monkey zombies
  11 gnolls
  A howler monkey skeleton (D:7)
  5 adders
  A shadow imp (Gauntlet)
  13 white imps
  4 ufetubi
  An adder skeleton (D:5)
  A worm (D:4)
  A dart slug (D:2)
  69 orcs
  5 bat skeletons (D:6)
  2 bat zombies (D:6)
  5 endoplasms
  A giant cockroach (D:4)
  8 goblins
  6 hobgoblins
  2 jackals (D:5)
  2 quokkas
  4 ball pythons
  6 bats
  A frilled lizard (D:1)
  21 kobolds
  A quokka skeleton (D:4)
  2 rats
  3 briar patches (Swamp:3)
1567 creatures vanquished.

Vanquished Creatures (collateral kills)
  An ironbound preserver (Vaults:2)
  A reaper (Gauntlet)
  A spark wasp (Spider:4)
  An eleionoma (Swamp:1)
  An ettin (Vaults:3)
  2 boulder beetles
  3 hydras
  A two-headed ogre (Orc:2)
  2 death yaks (Lair:6)
  2 skeletal warriors (Vaults:3)
  A bog body (Swamp:4)
  6 deep trolls
  3 wolf spiders (Spider:4)
  An ironbound convoker (Vaults:2)
  An orb spider (Spider:4)
  2 vault sentinels
  A torpor snail (Lair:6)
  A demonic crawler (Spider:3)
  A komodo dragon (Lair:6)
  4 jumping spiders (Spider:4)
  A troll (Orc:2)
  3 tyrant leeches
  A blink frog (Lair:6)
  A dream sheep (Lair:6)
  2 tarantellas (Spider:4)
  7 redbacks (Spider:4)
  10 yaks
  An ogre (Orc:2)
  A kobold brigand (D:10)
  A kobold (D:10)
64 creatures vanquished.

Vanquished Creatures (others)
  A deep elf zephyrmancer (Elf:1)
  A deep elf pyromancer (Elf:1)
  3 bloated husks
  A slime creature (D:12)
  An orc warrior (Vaults:5)
  An ugly thing simulacrum (IceCv)
  An orc (Vaults:5)
  2 briar patches (Swamp:3)
  A bush (Lair:3)
  19 fungi
  70 plants
  4 toadstools (D:1)
  5 withered plants
110 creatures vanquished.

Grand Total: 1741 creatures vanquished

Notes
Turn   | Place    | Note
-------+----------+-------------------------------------------
     0 | D:1      | robertstho the Draconian Berserker began the quest for the
                  | Orb.
     0 | D:1      | Reached XP level 1. HP: 19/19 MP: 1/1
   233 | D:1      | Reached XP level 2. HP: 15/26 MP: 2/2
   379 | D:1      | Found a faded altar of an unknown god.
   736 | D:2      | Reached XP level 3. HP: 19/33 MP: 3/3
   876 | D:2      | Noticed Natasha
   881 | D:2      | Killed Natasha
   882 | D:2      | Reached skill level 4 in Fighting
   895 | D:2      | Noticed Natasha
   906 | D:2      | Killed Natasha
   907 | D:2      | Reached XP level 4. HP: 40/40 MP: 4/4
  1284 | D:3      | Found a white marble altar of Elyvilon.
  1396 | D:3      | Reached ** piety under Trog
  1512 | D:3      | Found a radiant altar of Vehumet.
  1512 | D:3      | Found a burning altar of Makhleb.
  1526 | D:3      | Reached XP level 5. HP: 47/47 MP: 5/5
  2089 | D:3      | Found a sacrificial altar of Ru.
  2290 | D:3      | Found a bloodstained altar of Trog.
  2291 | D:3      | Found a basalt altar of Yredelemnul.
  2295 | D:3      | Found an iron altar of Okawaru.
  2358 | D:3      | Found a shimmering blue altar of Sif Muna.
  2692 | D:4      | Reached skill level 1 in Stealth
  2976 | D:4      | Found a staircase to the Ecumenical Temple.
  3017 | D:4      | Reached XP level 6. HP: 44/55 MP: 6/6
  3130 | D:4      | Reached skill level 5 in Fighting
  3406 | D:5      | Entered Level 5 of the Dungeon
  3466 | D:5      | Noticed Sigmund
  3475 | D:5      | Killed Sigmund
  3476 | D:5      | Reached skill level 5 in Long Blades
  3480 | D:5      | Your scales start taking on a pale cyan-grey colour.
  3480 | D:5      | Reached XP level 7. HP: 61/61 MP: 7/7
  3480 | D:5      | Gained mutation: You are immune to the effects of steam.
                  | [Pale Draconian growth]
  3689 | D:5      | Reached skill level 1 in Polearms
  3730 | D:5      | Reached *** piety under Trog
  4113 | D:5      | Identified the +6 whip of Ecunaf {flame, rF+}
  4293 | D:5      | Reached skill level 5 in Dodging
  4582 | D:5      | Reached skill level 6 in Fighting
  4921 | D:5      | Reached XP level 8. HP: 58/70 MP: 8/8
  5000 | D:5      | Identified the +1 chain mail of Melancholy {*Slow Str+8}
  5323 | D:5      | Found a runed translucent door.
  5324 | D:5      | Noticed Crazy Yiuf
  5485 | D:5      | Killed Crazy Yiuf
  6080 | D:6      | Noticed Duvessa
  6083 | D:6      | Noticed Dowan
  6092 | D:6      | Killed Duvessa
  6097 | D:6      | Killed Dowan
  6098 | D:6      | Reached skill level 7 in Fighting
  6813 | D:6      | Noticed Prince Ribbit
  6840 | D:6      | Killed Prince Ribbit
  6841 | D:6      | Reached XP level 9. HP: 51/79 MP: 9/9
  6988 | D:6      | Reached skill level 5 in Polearms
  7336 | D:6      | Found an ancient bone altar of Kikubaaqudgha.
  7522 | D:7      | Reached skill level 1 in Shields
  7921 | D:7      | Reached **** piety under Trog
  7989 | D:7      | Reached skill level 8 in Fighting
  9070 | D:8      | Found a staircase to the Lair.
  9204 | D:8      | Found Xuarudwoz's Assorted Antiques.
  9227 | D:8      | Bought a scroll of identify for 76 gold pieces
  9227 | D:8      | Bought a runed platinum amulet for 190 gold pieces
  9783 | D:9      | Reached XP level 10. HP: 90/90 MP: 10/10
 10592 | D:9      | Found a hide-covered altar of Uskayaw.
 10770 | D:9      | Found a glowing golden altar of the Shining One.
 10828 | D:10     | Entered Level 10 of the Dungeon
 10852 | D:10     | Noticed a two-headed ogre
 10871 | D:10     | Killed a two-headed ogre
 10872 | D:10     | Reached skill level 9 in Fighting
 11121 | D:10     | Found a blossoming altar of Fedhas.
 11162 | D:10     | Found a hazy altar of Hepliaklqana.
 11639 | D:10     | Reached XP level 11. HP: 97/97 MP: 11/11
 11776 | D:11     | Noticed Erolcha
 11784 | D:11     | Killed Erolcha
 12207 | D:11     | Noticed Harold
 12224 | D:11     | Killed Harold
 12225 | D:11     | Reached skill level 10 in Dodging
 12291 | D:11     | Reached skill level 10 in Fighting
 12291 | D:11     | Reached skill level 5 in Shields
 12471 | D:11     | Noticed Josephine
 12487 | D:11     | Killed Josephine
 12511 | D:11     | Reached ***** piety under Trog
 12740 | D:11     | Noticed a boulder beetle
 12747 | D:11     | Noticed a centaur warrior
 12748 | D:11     | Noticed an orc knight
 12751 | D:11     | Noticed a boulder beetle
 12753 | D:11     | Killed a boulder beetle
 12754 | D:11     | Noticed a centaur warrior
 12763 | D:11     | Killed a centaur warrior
 12775 | D:11     | Killed an orc knight
 12788 | D:11     | Killed a centaur warrior
 12952 | D:11     | Killed a boulder beetle
 12953 | D:11     | Reached XP level 12. HP: 32/108 MP: 12/12
 13507 | D:11     | Noticed Grum
 13539 | D:11     | Killed Grum
 13643 | D:11     | Noticed Erica
 13659 | D:11     | Killed Erica
 13787 | Lair:1   | Entered Level 1 of the Lair of Beasts
 13787 | Lair:1   | Noticed a seven-headed hydra
 13799 | Lair:1   | Killed a seven-headed hydra
 13800 | Lair:1   | Reached skill level 11 in Fighting
 14007 | Lair:1   | Reached skill level 10 in Polearms
 16231 | Lair:3   | Found a hole to the Spider Nest.
 16408 | Lair:3   | Noticed a catoblepas
 16447 | Lair:3   | Killed a catoblepas
 16995 | Lair:3   | Noticed an eight-headed hydra
 17007 | Lair:3   | Killed an eight-headed hydra
 17008 | Lair:3   | Reached skill level 12 in Fighting
 17043 | Lair:3   | Reached XP level 13. HP: 118/118 MP: 13/13
 17304 | Lair:3   | Identified the +2 pair of gloves "Zinolema" {rF+ Int+3
                  | Dex+4}
 17615 | Lair:4   | Found a gate leading to a gauntlet.
 17631 | Gauntlet | Entered a Gauntlet
 17631 | Gauntlet | Found a transporter.
 17641 | Gauntlet | Found a transporter.
 17654 | Gauntlet | Found a transporter.
 17655 | Gauntlet | Found a transporter.
 17660 | Gauntlet | Found a runed translucent gate.
 17660 | Gauntlet | Found a runed translucent gate.
 17660 | Gauntlet | Found a runed translucent gate.
 17662 | Gauntlet | Found a transporter.
 17678 | Gauntlet | Found a transporter.
 17679 | Gauntlet | Noticed a reaper
 17689 | Gauntlet | Found a transporter.
 17691 | Gauntlet | Found the +1 cloak of Starlight {*Dazzle EV+4 Stlth--}
 17700 | Gauntlet | Found a transporter.
 17714 | Gauntlet | Found a transporter.
 17728 | Gauntlet | Found a transporter.
 17744 | Gauntlet | Found a transporter.
 17751 | Gauntlet | Found a transporter.
 17751 | Gauntlet | Found a transporter.
 17791 | Gauntlet | Found a transporter.
 17920 | Gauntlet | Reached skill level 5 in Stealth
 18009 | Gauntlet | Killed a reaper
 18028 | Gauntlet | Identified the ring of the Albatross {rN+ Will+ Str+2 Int+2
                  | Dex+6}
 18317 | Gauntlet | Noticed a minotaur
 18322 | Gauntlet | Killed a minotaur
 18665 | Lair:4   | Found a staircase to the Swamp.
 20592 | Lair:6   | Entered Level 6 of the Lair of Beasts
 20614 | Lair:6   | Reached skill level 13 in Fighting
 20857 | Lair:6   | Reached XP level 14. HP: 94/129 MP: 14/14
 21246 | Lair:6   | Received a gift from Trog
 21685 | Lair:6   | Found a shimmering altar of Xom.
 21758 | Lair:6   | HP: 4/130 [spriggan rider (17)]
 21761 | Lair:6   | Found a staircase to the Slime Pits.
 21761 | Lair:6   | Found a viscous altar of Jiyva.
 22336 | Lair:6   | Reached skill level 14 in Fighting
 23357 | D:12     | Received a gift from Trog
 23398 | D:12     | Noticed Azrael
 23406 | D:12     | Killed Azrael
 23424 | D:12     | Noticed Gastronok
 23438 | D:12     | Killed Gastronok
 23571 | D:12     | Found a staircase to the Orcish Mines.
 24019 | D:12     | Identified 2 scrolls of acquirement
 24049 | D:12     | Acquired the -2 hat of the Alchemist {rElec rPois rF+ rC+
                  | rN+ Will+ rMut rCorr}
 24049 | D:12     | Found the -2 hat of the Alchemist {rElec rPois rF+ rC+ rN+
                  | Will+ rMut rCorr}
 24061 | D:12     | Acquired the +7 demon trident of Compassion {freeze, Dex+3}
 24225 | D:13     | Reached XP level 15. HP: 128/139 MP: 13/15
 24584 | D:13     | Found a gate to the Vaults.
 25090 | D:14     | Reached skill level 10 in Shields
 25293 | D:14     | You fall into a shaft and drop 1 floor!
 25293 | D:15     | Entered Level 15 of the Dungeon
 25346 | D:15     | Found Ugoxta's Jewellery Boutique.
 25371 | D:15     | Reached skill level 15 in Fighting
 25696 | D:15     | Reached ****** piety under Trog
 25902 | D:15     | Received a gift from Trog
 25989 | D:15     | Found a staircase to the Depths.
 26627 | Swamp:1  | Entered Level 1 of the Swamp
 27336 | Swamp:1  | Noticed a fenstrider witch
 27348 | Swamp:1  | Killed a fenstrider witch
 27711 | Swamp:1  | Found a runed translucent door.
 27711 | Swamp:1  | Noticed snetch's ghost (adept MiBe)
 28136 | Swamp:2  | Reached XP level 16. HP: 150/150 MP: 16/16
 28490 | Swamp:2  | Identified Roxanne's Reference Book on Transformation
 28490 | Swamp:2  | Noticed Roxanne
 28520 | Swamp:2  | Killed Roxanne
 28520 | Swamp:2  | Received a gift from Trog
 28612 | Swamp:3  | Found a transporter.
 29102 | Swamp:3  | Found a transporter.
 29114 | Swamp:3  | Reached skill level 16 in Fighting
 30285 | Swamp:3  | Reached skill level 15 in Dodging
 30607 | Swamp:4  | Entered Level 4 of the Swamp
 32078 | Swamp:4  | Reached skill level 17 in Fighting
 32187 | Swamp:4  | Reached XP level 17. HP: 119/161 MP: 17/17
 32328 | Swamp:4  | Noticed the 27-headed Lernaean hydra
 32335 | Swamp:4  | Killed the 27-headed Lernaean hydra
 32338 | Swamp:4  | Got a decaying rune of Zot
 32654 | Swamp:4  | Received a gift from Trog
 33050 | Spider:1 | Entered Level 1 of the Spider Nest
 34470 | Spider:2 | Found a runed translucent gate.
 34471 | Spider:2 | Found a runed translucent gate.
 34472 | Spider:2 | Found a runed translucent gate.
 34473 | Spider:2 | Noticed siradein's ghost (adept VSFi)
 34474 | Spider:2 | Noticed Huaklezo's ghost (adept HOFi)
 34474 | Spider:2 | Noticed Huaklezo's ghost (adept HOFi)
 34672 | Spider:2 | Found the +5 demon whip "Spellbinder" {antimagic, Will+}
 36834 | Spider:3 | Identified the +3 pair of boots of the Guild-Master {+Inv
                  | Int+6 Dex-2 SInv}
 36842 | Spider:3 | Received a gift from Trog
 36908 | Spider:3 | Paralysed by a hornet for 3 turns
 37545 | Spider:4 | Entered Level 4 of the Spider Nest
 37588 | Spider:4 | Reached skill level 15 in Polearms
 38169 | Spider:4 | Reached skill level 18 in Fighting
 38744 | Spider:4 | Reached XP level 18. HP: 172/172 MP: 18/18
 39703 | Spider:4 | Got a gossamer rune of Zot
 40025 | Orc:1    | Entered Level 1 of the Orcish Mines
 40031 | Orc:1    | Received a gift from Trog
 40351 | Orc:1    | Found a frozen archway.
 40362 | IceCv    | Entered an ice cave
 40674 | IceCv    | Identified the +8 long sword "Gaetteb" {flame, rCorr} (Trog
                  | gifted it to you in an ice cave)
 40674 | IceCv    | Received a gift from Trog
 41354 | IceCv    | Found a viscous altar of Jiyva.
 41425 | IceCv    | Identified the +0 ice dragon scales of Xom's Favour {Harm
                  | Drain rF- rC++ Stlth-}
 41879 | Orc:2    | Entered Level 2 of the Orcish Mines
 41986 | Orc:2    | Received a gift from Trog
 42046 | Orc:2    | Reached skill level 19 in Fighting
 42576 | Orc:2    | Received a gift from Trog
 42775 | Orc:2    | Found Ibbuulyi's Magic Scroll Shop.
 42785 | Orc:2    | Found Makiul's Armour Boutique.
 42790 | Orc:2    | Found Manwaf's Weapon Emporium.
 42792 | Orc:2    | Bought a scroll of teleportation for 36 gold pieces
 42792 | Orc:2    | Bought a scroll of teleportation for 36 gold pieces
 42792 | Orc:2    | Bought a scroll of teleportation for 36 gold pieces
 42799 | Orc:2    | Found Ukicupt's Assorted Antiques.
 43158 | Orc:2    | Found a staircase to the Elven Halls.
 43710 | Vaults:1 | Entered Level 1 of the Vaults
 44689 | Vaults:1 | Received a gift from Trog
 44719 | Vaults:1 | Reached XP level 19. HP: 95/183 MP: 7/19
 46682 | Elf:1    | Entered Level 1 of the Elven Halls
 46712 | Elf:1    | Received a gift from Trog
 47214 | Elf:1    | Reached skill level 20 in Fighting
 47919 | Swamp:3  | Identified the ring of Tutim {rC+ Dex+2}
 47922 | Swamp:3  | Identified the +1 helmet "Sacatos" {+Blink rCorr Dex-5
                  | Stlth+}
 48516 | Elf:2    | Received a gift from Trog
 48856 | Elf:2    | Found a huge runed translucent gate.
 48856 | Elf:2    | Found a huge runed translucent gate.
 48856 | Elf:2    | Found a huge runed translucent gate.
 48856 | Elf:2    | Found a huge runed translucent gate.
 48857 | Elf:2    | Identified the +8 battleaxe of the Wasteland {flame, Dex+4}
 48871 | Elf:2    | Found a huge runed translucent gate.
 49651 | Elf:2    | Noticed Louise
 49670 | Elf:2    | Killed Louise
 49912 | Elf:3    | Entered Level 3 of the Elven Halls
 50010 | Elf:3    | Received a gift from Trog
 50078 | Elf:3    | Reached XP level 20. HP: 104/194 MP: 13/20
 50442 | Elf:3    | Identified the +9 short sword of the Iron City of Dis
                  | {protect, Str+3 Int-4 Dex+3}
 50855 | Elf:3    | Identified the +4 hand axe "Cyphyth" {protect, Str+3 Dex+7}
 50888 | Elf:3    | Identified the +7 hand axe "Kyilopp" {flame, rN+ Int+6}
 50898 | Elf:3    | Identified the +8 spear of Beyond {holy, rF+}
 50902 | Elf:3    | Identified the +5 war axe "Ocytoepp" {drain, Int+5}
 51145 | Elf:3    | Reached skill level 21 in Fighting
 51632 | Elf:3    | Found a portal to a secret trove of treasure.
 51935 | Vaults:2 | Identified the +7 trident of Flawed Execution {vorpal, rF+}
                  | (Trog gifted it to you on level 2 of the Vaults)
 51935 | Vaults:2 | Received a gift from Trog
 53306 | Vaults:2 | Received a gift from Trog
 53676 | Vaults:2 | Found Plog's Antique Armour Shoppe.
 53999 | Vaults:2 | Noticed Margery
 54016 | Vaults:2 | Killed Margery
 54178 | Vaults:2 | Noticed Frederick
 54185 | Vaults:2 | Killed Frederick
 54669 | Vaults:3 | Reached XP level 21. HP: 206/206 MP: 21/21
 54746 | Vaults:3 | Received a gift from Trog
 55507 | Vaults:3 | Reached skill level 22 in Fighting
 55835 | Vaults:3 | You fall into a shaft and drop 1 floor!
 56055 | Vaults:4 | Received a gift from Trog
 56686 | Vaults:4 | Noticed a dread lich
 56698 | Vaults:4 | Killed a dread lich
 56926 | Vaults:4 | Reached skill level 10 in Stealth
 57509 | Vaults:3 | HP: 9/209 [deep troll[an ironbound preserver] (6)]
 58170 | Vaults:3 | Received a gift from Trog
 58511 | Vaults:3 | Found a staircase to the Crypt.
 59399 | Vaults:5 | Entered Level 5 of the Vaults
 60257 | Vaults:4 | Reached XP level 22. HP: 211/217 MP: 15/22
 61039 | Vaults:5 | Reached skill level 23 in Fighting
 61053 | Vaults:5 | Noticed Xtahua
 61820 | Vaults:5 | Paralysed by Xtahua for 6 turns
 61837 | Vaults:4 | Killed Xtahua
 62118 | Vaults:5 | Noticed an ancient lich
 62144 | Vaults:5 | Killed an ancient lich
 62572 | Vaults:5 | Noticed an ancient lich
 62593 | Vaults:5 | Noticed a dread lich
 62614 | Vaults:5 | Killed from afar by an ancient lich

Illustrated notes

Levels and vault maps discovered:
D:1:      ldierk_walled_garden_2, layout_basic, chequers_ecumenical_altar_simple
D:2:      cheibrodos_pilgrimage, layout_basic, uniq_natasha
D:3:      layout_basic, grunt_temple_overflow_lords_of_destruction, minitemple,
          elyvilon_altar_1, nicolae_sif_muna_little_library,
          mainiacjoe_overflow_24_doors, serial_co_window_serial,
          co_window_corner_a, co_window_corner_a, co_window_paths_a,
          co_window_of_opportunity_a, co_window_paths_b,
          co_window_of_opportunity_a, co_window_cross_1,
          co_window_of_opportunity_a, co_window_paths_b, co_window_corner_ca,
          co_window_corner_cb, glass_columns_b, glass_columns_b
D:4:      layout_rooms, temple_pool_b
D:5:      layout_loops_ring, roderic_lattice_a, uniq_sigmund,
          uniq_crazy_yiuf_cottage
D:6:      layout_loops_ring, kennysheep_vampire_church, uniq_prince_ribbit1,
          uniq_duvessa
D:7:      layout_basic
D:8:      layout_rooms, lair_entry_dummy, serial_shops,
          nicolae_shop_window_shopping
D:9:      layout_cross, mainiacjoe_overflow_six_doors_small, old_standard_altar,
          hangedman_decor_points
D:10:     layout_gridville, mainiacjoe_overflow_large_starburst
D:11:     minmay_blocky_corners, layout_loops_corners, uniq_erolcha,
          uniq_harold, uniq_josephine, uniq_grum, uniq_erica
D:12:     layout_irregular_city, orc_0_dummy, uniq_gastronok, uniq_azrael
D:13:     layout_long_grid, david_vaults_5
D:14:     layout_roguey, minivault_19
D:15:     hangedman_depths_entry_try_elsewhere_first, layout_cave_pods,
          serial_shops, shop, nrook_campfire
Lair:1:   layout_roguey, serial_bayou_shore_a, infiniplex_staircase_pool,
          lemuel_fruit_tree
Lair:2:   layout_cave_pods
Lair:3:   layout_regular_city, nicolae_spider_entry_orb_guardian, serial_forest,
          infiniplex_forest_lined_4_way, infiniplex_forest_zigzag_1,
          infiniplex_forest_clump_C, infiniplex_forest_join,
          infiniplex_forest_end_1, infiniplex_forest_straight_3,
          infiniplex_forest_zigzag_1, infiniplex_forest_clump_double,
          infiniplex_forest_lined_corner, infiniplex_forest_corner_2,
          beast_lair_carwin_3
Lair:4:   layout_regular_city, swamp_mist, gauntlet_entry_generic
Lair:5:   layout_cave_pods, grunt_megastairs_3
Lair:6:   minmay_lair_end_enchanted_forest, layout_big_grid, slime_altar_1,
          basic_altar, hangedman_lair_generics_rect, infiniplex_staircase_pool_2
Swamp:1:  layout_basic_swamp, gammafunk_ghost_grave,
          evilmike_swamp_ruin_rubble_1, swamp_pool2,
          cheibrodos_swamp_pet_leeches
Swamp:2:  layout_basic_swamp, hangedman_swamp_ruin_wall, uniq_roxanne
Swamp:3:  gammafunk_worm_tunnel, layout_basic_swamp,
          evilmike_swamp_ruin_house_5, swamp_pool4, nicolae_swamp_little_tower
Swamp:4:  grunt_swamp_rune_castle, layout_basic_swamp
Spider:1: layout_chambers, nicolae_spider_paper_wasps
Spider:2: layout_chambers, gammafunk_ghost_cemetery, nicolae_spider_nook
Spider:3: layout_spider_delve
Spider:4: spider_rune_water
Orc:1:    layout_caves, portal_ice_cave_entry_imps
Orc:2:    st_orc_open, layout_caves
Elf:1:    eino_elf_arrival_customs, layout_rooms, minmay_elf_necromancy
Elf:2:    elven_hall_of_blades_hangedman_alternative
          [mumra_blade_entry_bloodbath], layout_loops_corners, uniq_louise
Elf:3:    minmay_elf_hall_statues, layout_geoelf_octagon,
          nicolae_trove_entry_crystal
Vaults:1: vaults_room_pools, v_misc_25, vaults_dpeg_spiral,
          ontoclasm_vaults_ring_small, v_rooms_3,
          nicolae_vaults_little_squares_5, v_pattern_5,
          nicolae_vaults_ninety_degrees, vaults_standard_mumra_lines,
          st_spiral_rooms, ontoclasm_vaults_misaligned, vaults_dpeg_ring,
          nicolae_vaults_little_squares_4, vaults_room_pool,
          ontoclasm_vaults_misaligned, layout_vaults_ring
Vaults:2: hangedman_vaults_corner_blocks, nicolae_vaults_little_ls, v_misc_19,
          grunt_vaults_diagonal, nicolae_vaults_three_branches,
          ontoclasm_vaults_gateway, vaults_room_stairs_pillars,
          vaults_room_pools, vaults_room_fours, nicolae_vaults_alarming,
          layout_vaults_big_room, serial_shops, shop, uniq_frederick,
          uniq_margery
Vaults:3: v_misc_30, nicolae_vaults_disjoint_gnomons,
          minmay_crypt_entry_skeletal_spiral, v_misc_26,
          nicolae_vaults_diagonal_hallway_8, v_alt_pattern_1,
          nicolae_vaults_murderbox, vaults_room_pools, vaults_dpeg_encased_lava,
          layout_vaults_omnigrid, mu_enter_wizlab_7
Vaults:4: nicolae_vaults_disjoint_gnomons, vaults_mumra_minichess,
          nicolae_vaults_big_ls, v_rooms_1, grunt_vaults_trifunnel,
          v_alt_pattern_2, hangedman_vaults_corner_blocks,
          nicolae_vaults_diagonal_hallway_7, v_misc_15, grunt_vaults_focal,
          nicolae_vaults_quadrants, nicolae_vaults_diagonal_hallway_6,
          layout_vaults_omnibox
Vaults:5: uniq_xtahua, uniq_bai_suzhen

Skill      XL: |  1  2  3  4  5  6  7  8  9 10 11 12 13 14 15 16 17 18 19 20 21 22 |
---------------+-------------------------------------------------------------------+-----
Dodging        | 3 4 5 6 8 9 10 11 12 13 14 15 16 17 18 19 20 | 20.4
Fighting       | 4 5 6 7 8 9 10 12 13 14 15 17 18 19 20 21 22 23 | 23.4
Long Blades    | 4 5 |  5.6
Stealth        | 1 2 3 4 5 6 7 8 9 10 | 10.0
Polearms       | 2 4 6 8 9 10 11 13 14 15 16 17 | 17.7
Shields        | 2 4 5 7 8 9 10 11 12 13 14 | 14.6

Action                   |  1- 3 |  4- 6 |  7- 9 | 10-12 | 13-15 | 16-18 | 19-21 | 22-24 || total
-------------------------+-------+-------+-------+-------+-------+-------+-------+-------++-------
Melee: Falchion          |    57 |   119 |       |       |       |       |       |       ||   176
       Tailslap          |     2 |    23 |    84 |   198 |   313 |   322 |   349 |    76 ||  1367
       Spear             |       |    12 |   596 |  1078 |   151 |       |       |       ||  1837
       Demon trident     |       |       |       |       |  1211 |  1811 |  1786 |   330 ||  5138
Invok: Berserk           |     1 |     3 |    16 |    15 |    12 |    24 |    15 |     7 ||    93
       Trog's Hand       |       |       |     1 |     2 |     1 |     5 |     5 |       ||    14
       Brothers in Arms  |       |       |       |     3 |     4 |     9 |     7 |     1 ||    24
 Abil: Breathe Steam     |       |       |       |    12 |     4 |     7 |     2 |       ||    25
       Evoke Invisibilit |       |       |       |       |       |       |       |     1 ||     1
Evoke: Wand              |       |       |       |       |       |     5 |       |       ||     5
  Use: Scroll            |       |     1 |     8 |     5 |    12 |    18 |     9 |     3 ||    56
       Potion            |       |       |     2 |     2 |     1 |     7 |     3 |     1 ||    16
 Stab: Sleeping          |     1 |     1 |     9 |     7 |    26 |    18 |    38 |       ||   100
       Distracted        |       |       |     4 |     3 |     2 |     6 |     5 |       ||    20
       Confused          |       |       |       |       |       |     1 |       |       ||     1
Armor: Skin              |    12 |    39 |   195 |   167 |   170 |   380 |   255 |   104 ||  1322
Dodge: Dodged            |    35 |    79 |   383 |   507 |   680 |  1282 |   934 |   290 ||  4190
Block: Buckler           |       |       |    86 |   369 |   597 |   659 |   556 |   168 ||  2435
       Reflection        |       |       |       |     8 |    10 |    10 |    60 |     5 ||    93

Table legend: (Time is in decaauts)
 A = Elapsed time spent in this place.
 B = Non-inter-level travel time spent in this place.
 C = Inter-level travel time spent in this place.
 D = Time resting spent in this place.
 E = Time spent auto-exploring this place.
 F = Levels seen in this place.
 G = Mean time per level.
                   A        B        C        D        E       F      G
               +--------+--------+--------+--------+--------+-----+--------+
         Total |  61327 |  57712 |   3615 |  11978 |  35459 |  41 | 1495.8 |
       Dungeon |  17869 |  16626 |   1243 |   1808 |  11816 |  15 | 1191.3 |
          Lair |   8500 |   7681 |    819 |    934 |   5366 |   6 | 1416.7 |
         Swamp |   6730 |   6354 |    376 |   1834 |   3443 |   4 | 1682.5 |
   Spider Nest |   6686 |   6446 |    240 |    847 |   4595 |   4 | 1671.5 |
  Orcish Mines |   2420 |   2185 |    235 |    330 |   1333 |   2 | 1210.0 |
   Elven Halls |   4165 |   3930 |    235 |    359 |   2703 |   3 | 1388.3 |
        Vaults |  13090 |  12626 |    464 |   5257 |   5485 |   5 | 2618.0 |
      Ice Cave |   1102 |   1102 |      0 |    257 |    526 |   1 | 1102.0 |
      Gauntlet |    762 |    762 |      0 |    351 |    190 |   1 |  762.0 |
               +--------+--------+--------+--------+--------+-----+--------+

Top non-repeatable levels by time:
Vaults:3: 3733 daAuts
Vaults:4: 3654 daAuts
Vaults:1: 3245 daAuts
 Swamp:3: 2708 daAuts
Vaults:2: 2212 daAuts
Spider:4: 2196 daAuts
     D:5: 2179 daAuts
  Lair:6: 2167 daAuts
Spider:2: 2097 daAuts
    D:11: 2055 daAuts
     D:6: 1771 daAuts
   Elf:2: 1769 daAuts
  Lair:3: 1584 daAuts
     D:3: 1571 daAuts
   Elf:3: 1455 daAuts
